SNL (28 & UNDER)
KEY WEST BARRACUDAS @ SANTA FE DIABLOS
08/08/2027
 
TOP OF THE 1ST
Key West Barracudas batting - Pitching for Santa Fe Diablos : RHP Wayne Walker
Pitching: RHP Wayne Walker
Batting: SHB Rodney Birling 0-0: Ball
1-0: Called Strike
1-1: Swinging Strike
1-2: Ground out 4-3 (Groundball, 4)
Batting: RHB Ramón Díaz 0-0: Called Strike
0-1: Single, Error in OF, E8, batter to second base
Batting: SHB Héctor Padilla 0-0: Ball
1-0: Ball
2-0: Ball
3-0: Called Strike
3-1: Base on Balls
Batting: LHB Domingo Ledesma 0-0: Ball
1-0: Ball
Wild Pitch!
Ramón Díaz to third
Héctor Padilla to second
2-0: Ground out 4-3 (Groundball, 4)
Ramón Díaz scores
Héctor Padilla to third
Batting: LHB Daniel Byrd 0-0: Ball
1-0: Foul Ball, location: 2F
1-1: Swinging Strike
1-2: Foul Ball, location: 2F
1-2: Strikes out looking
Top of the 1st over - 1 run(s), 1 hit(s), 1 error(s), 1 left on base; Key West 1 - Santa Fe 0
BOTTOM OF THE 1ST
Santa Fe Diablos batting - Pitching for Key West Barracudas : RHP Chris Jones
Pitching: RHP Chris Jones
Batting: SHB Pancho Vásquez 0-0: Ground out 6-3 (Groundball, 6S)
Batting: LHB David Hernández 0-0: Ball
1-0: Called Strike
1-1: Called Strike
1-2: Ball
2-2: Strikes out swinging
Batting: SHB George Adams 0-0: Ball
1-0: Ball
2-0: Ball
3-0: Called Strike
3-1: Base on Balls
Batting: RHB Lee Price 0-0: Ball
1-0: Ball
2-0: Fielders Choice at 2nd, 6-4 (Groundball, 6)
Bottom of the 1st over - 0 run(s), 0 hit(s), 0 error(s), 0 left on base; Key West 1 - Santa Fe 0
TOP OF THE 2ND
Key West Barracudas batting - Pitching for Santa Fe Diablos : RHP Wayne Walker
Batting: LHB Víctor Acevedo 0-0: Foul Ball, location: 2F
0-1: Swinging Strike
0-2: Strikes out swinging
Batting: RHB Carlos Miranda 0-0: Foul Ball, location: 2F
0-1: Ball
1-1: Fly out, F8 (Line Drive, 8RM)
Batting: RHB Dan Craft 0-0: Called Strike
0-1: Ball
1-1: Swinging Strike
1-2: Ball
2-2: Ball
3-2: Strikes out swinging
Top of the 2nd over - 0 run(s), 0 hit(s), 0 error(s), 0 left on base; Key West 1 - Santa Fe 0
BOTTOM OF THE 2ND
Santa Fe Diablos batting - Pitching for Key West Barracudas : RHP Chris Jones
Batting: LHB Michael Barrett 0-0: Swinging Strike
0-1: Ground out 1-3 (Groundball, 15)
Batting: LHB Juan Torres 0-0: Called Strike
0-1: Ball
1-1: Called Strike
1-2: Strikes out swinging
Batting: RHB Ricardo Remedios 0-0: Ground out 6-3 (Groundball, 6M)
Bottom of the 2nd over - 0 run(s), 0 hit(s), 0 error(s), 0 left on base; Key West 1 - Santa Fe 0
TOP OF THE 3RD
Key West Barracudas batting - Pitching for Santa Fe Diablos : RHP Wayne Walker
Batting: LHB Motoki Hirata 0-0: SOLO HOME RUN (Flyball, 89XD), Distance : 410 ft
Batting: SHB Rodney Birling 0-0: Called Strike
0-1: Ball
1-1: Ball
2-1: Fly out, F8 (Flyball, 8LD)
Batting: RHB Ramón Díaz 0-0: SINGLE (Groundball, 56D)
Batting: SHB Héctor Padilla 0-0: Foul Ball, location: 2F
0-1: Ball
1-1: Foul Ball, location: 2F
1-2: SINGLE (Flyball, 89S)
Ramón Díaz to second
Batting: LHB Domingo Ledesma 0-0: Called Strike
0-1: Fly out, F8 (Flyball, 89M)
Batting: LHB Daniel Byrd 0-0: Foul Ball, location: 2F
0-1: Swinging Strike
0-2: Strikes out swinging
Top of the 3rd over - 1 run(s), 3 hit(s), 0 error(s), 2 left on base; Key West 2 - Santa Fe 0
BOTTOM OF THE 3RD
Santa Fe Diablos batting - Pitching for Key West Barracudas : RHP Chris Jones
Batting: SHB Tex White 0-0: Ball
1-0: Foul Ball, location: 2F
1-1: Called Strike
1-2: Ground out 5-3 (Groundball, 5)
Batting: SHB Scott Compton 0-0: Swinging Strike
0-1: Ball
1-1: Swinging Strike
1-2: Ground out 3-1 (Groundball, 34S)
Batting: SHB Pancho Vásquez 0-0: Ball
1-0: Called Strike
1-1: Ball
2-1: Called Strike
2-2: Ground out 6-3 (Groundball, 6)
Bottom of the 3rd over - 0 run(s), 0 hit(s), 0 error(s), 0 left on base; Key West 2 - Santa Fe 0
TOP OF THE 4TH
Key West Barracudas batting - Pitching for Santa Fe Diablos : RHP Wayne Walker
Batting: LHB Víctor Acevedo 0-0: Called Strike
0-1: Ball
1-1: Called Strike
1-2: Ball
2-2: Ball
3-2: Strikes out swinging
Batting: RHB Carlos Miranda 0-0: SINGLE (Line Drive, 9LS)
Batting: RHB Dan Craft 0-0: Ball
1-0: Ground out 5-3 (Groundball, 5S)
Carlos Miranda to second
Batting: LHB Motoki Hirata 0-0: Ball
1-0: Called Strike
1-1: Foul Ball, location: 2F
1-2: Ball
2-2: Fly out, F8 (Flyball, 8LXD)
Top of the 4th over - 0 run(s), 1 hit(s), 0 error(s), 1 left on base; Key West 2 - Santa Fe 0
BOTTOM OF THE 4TH
Santa Fe Diablos batting - Pitching for Key West Barracudas : RHP Chris Jones
Batting: LHB David Hernández 0-0: Foul Ball, location: 2F
0-1: Foul Ball, location: 2F
0-2: Ball
1-2: Strikes out looking
Batting: SHB George Adams 0-0: Ball
1-0: Foul Ball, location: 2F
1-1: Ball
2-1: Foul Ball, location: 2F
2-2: SINGLE (Groundball, 56D)
Batting: RHB Lee Price 0-0: Called Strike
0-1: Grounds into double play, 4-6-3 (Groundball, 4)
Bottom of the 4th over - 0 run(s), 1 hit(s), 0 error(s), 0 left on base; Key West 2 - Santa Fe 0
TOP OF THE 5TH
Key West Barracudas batting - Pitching for Santa Fe Diablos : RHP Wayne Walker
Batting: SHB Rodney Birling 0-0: Ball
1-0: Swinging Strike
1-1: Foul Ball, location: 2F
1-2: SINGLE (Line Drive, 7S)
Batting: RHB Ramón Díaz 0-0: Ball
1-0: Fly out, F8 (Flyball, 8RD)
Batting: SHB Héctor Padilla 0-0: Fly out, F7 (Flyball, 7LS)
Batting: LHB Domingo Ledesma 0-0: Called Strike
0-1: Ball
1-1: Fly out, F7 (Flyball, 7LS)
Top of the 5th over - 0 run(s), 1 hit(s), 0 error(s), 1 left on base; Key West 2 - Santa Fe 0
BOTTOM OF THE 5TH
Santa Fe Diablos batting - Pitching for Key West Barracudas : RHP Chris Jones
Batting: LHB Michael Barrett 0-0: Foul Ball, location: 2F
0-1: DOUBLE (Groundball, 5L)
Batting: LHB Juan Torres 0-0: Called Strike
0-1: Called Strike
0-2: Ball
1-2: Ball
2-2: Ball
3-2: Base on Balls
Batting: RHB Ricardo Remedios 0-0: Ball
1-0: Fielders Choice at 2nd, 5-4 (Groundball, 56)
Michael Barrett to third
Batting: SHB Tex White 0-0: Ball
1-0: Fly out, F7 (Flyball, 7LSF)
Runner from 3rd tags up, SCORES, no throw
Batting: SHB Scott Compton 0-0: Called Strike
Ricardo Remedios is caught stealing 2nd base
Bottom of the 5th over - 1 run(s), 1 hit(s), 0 error(s), 0 left on base; Key West 2 - Santa Fe 1
TOP OF THE 6TH
Key West Barracudas batting - Pitching for Santa Fe Diablos : RHP Wayne Walker
Batting: LHB Daniel Byrd 0-0: Ball
1-0: Swinging Strike
1-1: SINGLE (Flyball, 89S)
Batting: LHB Víctor Acevedo 0-0: Ball
1-0: Foul Ball, location: 2F
1-1: Ball
2-1: Hit by Pitch
Daniel Byrd to second
Batting: RHB Carlos Miranda 0-0: Ball
1-0: Called Strike
1-1: Foul Ball, location: 2F
1-2: Foul Ball, location: 2F
1-2: Foul Ball, location: 2F
1-2: Ball
2-2: Foul Ball, location: 2F
2-2: Strikes out swinging
Batting: RHB Dan Craft 0-0: Foul Ball, location: 2F
0-1: Foul Ball, location: 2F
0-2: Ball
1-2: Strikes out looking
Batting: LHB Motoki Hirata 0-0: Fielders Choice at 2nd, 4-6 (Groundball, 4)
Top of the 6th over - 0 run(s), 1 hit(s), 0 error(s), 1 left on base; Key West 2 - Santa Fe 1
BOTTOM OF THE 6TH
Santa Fe Diablos batting - Pitching for Key West Barracudas : RHP Chris Jones
Batting: SHB Scott Compton 0-0: Ball
1-0: Ball
2-0: Called Strike
2-1: Swinging Strike
2-2: Foul Ball, location: 2F
2-2: Ground out U3 (Groundball, 3L)
Batting: SHB Pancho Vásquez 0-0: Ball
1-0: Ground out U3 (Groundball, 3)
Batting: LHB David Hernández 0-0: Ball
1-0: Called Strike
1-1: Ground out 6-3 (Groundball, 6)
Bottom of the 6th over - 0 run(s), 0 hit(s), 0 error(s), 0 left on base; Key West 2 - Santa Fe 1
TOP OF THE 7TH
Key West Barracudas batting - Pitching for Santa Fe Diablos : RHP Wayne Walker
Batting: SHB Rodney Birling 0-0: Ball
1-0: DOUBLE (Line Drive, 7LD)
Batting: RHB Ramón Díaz 0-0: Ball
1-0: Called Strike
1-1: Called Strike
1-2: Strikes out swinging
Pitching: RHP David Sheppard
Batting: SHB Héctor Padilla 0-0: Called Strike
0-1: Swinging Strike
0-2: Ball
1-2: Ball
2-2: Strikes out looking
Pitching: LHP Dan O'Brien
Batting: LHB Domingo Ledesma 0-0: Called Strike
0-1: Ball
1-1: Ball
2-1: Ball
3-1: Base on Balls
Pinch Hitting: SHB Jacob Knapp 0-0: Ball
1-0: Called Strike
1-1: Hit by Pitch
Rodney Birling to third
Domingo Ledesma to second
Pitching: RHP Tomás Rodríguez
Pinch Hitting: LHB Carter Sweet 0-0: Ball
1-0: Called Strike
1-1: Ball
2-1: Foul Ball, location: 2F
2-2: Strikes out swinging
Top of the 7th over - 0 run(s), 1 hit(s), 0 error(s), 3 left on base; Key West 2 - Santa Fe 1
BOTTOM OF THE 7TH
Santa Fe Diablos batting - Pitching for Key West Barracudas : RHP Chris Jones
Now at 1B: Carter Sweet
Now in RF: Jacob Knapp
Batting: SHB George Adams 0-0: Foul Ball, location: 2F
0-1: Ball
1-1: Ball
2-1: Fly out, F8 (Flyball, 8LM)
Batting: RHB Lee Price 0-0: Ball
1-0: SINGLE (Groundball, 6MD)
Pinch Runner at 1st Chris Deem:
Batting: LHB Michael Barrett 0-0: Called Strike
Chris Deem steals 2nd base
0-1: Ball
1-1: Ball
2-1: Foul Ball, location: 2F
2-2: Ground out 1-3 (Groundball, 13S)
Chris Deem to third
Batting: LHB Juan Torres 0-0: Ball
1-0: Swinging Strike
1-1: Called Strike
1-2: Strikes out swinging
Bottom of the 7th over - 0 run(s), 1 hit(s), 0 error(s), 1 left on base; Key West 2 - Santa Fe 1
TOP OF THE 8TH
Key West Barracudas batting - Pitching for Santa Fe Diablos : RHP Tomás Rodríguez
Now in RF: Chris Deem
Batting: RHB Carlos Miranda 0-0: Called Strike
0-1: Called Strike
0-2: Ball
1-2: Foul Ball, location: 2F
1-2: Ball
2-2: Foul Ball, location: 2F
2-2: Foul Ball, location: 2F
2-2: Strikes out swinging
Batting: RHB Dan Craft 0-0: Ball
1-0: Foul Ball, location: 2F
1-1: Foul Ball, location: 2F
1-2: Fly out, F8 (Flyball, 8RM)
Batting: LHB Motoki Hirata 0-0: Ball
1-0: DOUBLE (Flyball, 78M)
Pinch Hitting: RHB Domingo Hernández 0-0: Called Strike
0-1: Called Strike
0-2: Ball
1-2: Ground out 6-3 (Groundball, 6)
Top of the 8th over - 0 run(s), 1 hit(s), 0 error(s), 1 left on base; Key West 2 - Santa Fe 1
BOTTOM OF THE 8TH
Santa Fe Diablos batting - Pitching for Key West Barracudas : RHP Chris Jones
Pitching: RHP Ed Calhoun
Now at SS: Richard Sanders
Batting: RHB Ricardo Remedios 0-0: TRIPLE (Line Drive, 78M)
Batting: SHB Tex White 0-0: Called Strike
0-1: Ball
1-1: Ball
2-1: Reached on error, E4 (Groundball, 34)
Ricardo Remedios scores
Batting: SHB Scott Compton 0-0: Sac Bunt - play at first, batter OUT! 3-4
Tex White to second
Pinch Hitting: RHB John Dinkins 0-0: Ball
1-0: SINGLE (Groundball, 56S) (infield hit)
Tex White to third
Batting: LHB David Hernández 0-0: Called Strike
0-1: Swinging Strike
0-2: Ball
1-2: Strikes out looking
John Dinkins steals 2nd base
Batter strikes out.
Batting: SHB George Adams 0-0: Foul Ball, location: 2F
0-1: Foul Ball, location: 2F
0-2: Strikes out swinging
Bottom of the 8th over - 1 run(s), 2 hit(s), 1 error(s), 2 left on base; Key West 2 - Santa Fe 2
TOP OF THE 9TH
Key West Barracudas batting - Pitching for Santa Fe Diablos : RHP Tomás Rodríguez
Pitching: RHP Jonathan Long
Now in CF: Keith Jones
Batting: RHB Ramón Díaz 0-0: Foul Ball, location: 2F
0-1: Foul Ball, location: 2F
0-2: Foul Ball, location: 2F
0-2: Ball
1-2: Foul Ball, location: 2F
1-2: Ball
2-2: Foul Ball, location: 2F
2-2: Ball
3-2: Base on Balls
Pinch Runner at 1st Jorge Hernández:
Batting: SHB Héctor Padilla 0-0: Fly out, F9 (Flyball, 89M)
Batting: LHB Domingo Ledesma 0-0: Called Strike
0-1: Ball
1-1: Ball
2-1: SINGLE (Flyball, 3D)
Jorge Hernández to second
Runner from 2nd tries for 3rd, SAFE, no throw
Batting: SHB Jacob Knapp 0-0: Ball
1-0: Called Strike
1-1: Ball
2-1: Ball
3-1: Foul Ball, location: 2F
3-2: Base on Balls
Domingo Ledesma to second
Batting: LHB Carter Sweet 0-0: Called Strike
0-1: Ball
1-1: Ball
2-1: Called Strike
2-2: Fly out, F8 (Flyball, 8RD)
Runner from 3rd tags up, SCORES, no throw
Domingo Ledesma to third
Pinch Hitting: RHB Gary Duffy 0-0: Called Strike
0-1: Ball
1-1: Ball
2-1: Ball
3-1: Base on Balls
Jacob Knapp to second
Batting: RHB Dan Craft 0-0: Ball
1-0: Called Strike
1-1: Foul Ball, location: 2F
1-2: Fielders Choice at 2nd, 6-4 (Groundball, 6)
Top of the 9th over - 1 run(s), 1 hit(s), 0 error(s), 2 left on base; Key West 3 - Santa Fe 2
BOTTOM OF THE 9TH
Santa Fe Diablos batting - Pitching for Key West Barracudas : RHP Ed Calhoun
Pitching: RHP George Bennion
Now at C: Chris Adams
Now in CF: Jorge Hernández
Pinch Hitting: LHB John Bond 0-0: Called Strike
0-1: Ball
1-1: Foul Ball, location: 2F
1-2: Foul Ball, location: 2F
1-2: SOLO HOME RUN (Flyball, 9D), Distance : 355 ft
Batting: LHB Michael Barrett 0-0: Foul Ball, location: 2F
0-1: Swinging Strike
0-2: Foul Ball, location: 2F
0-2: Ball
1-2: Ball
2-2: Ground out U3 (Groundball, 34)
Batting: LHB Juan Torres 0-0: Called Strike
0-1: Ball
1-1: Ball
2-1: Foul Ball, location: 2F
2-2: Ball
3-2: Base on Balls
Batting: RHB Ricardo Remedios Pickoff Throw to First - Out!
0-0: Ball
1-0: Called Strike
1-1: Ball
2-1: Ball
3-1: Base on Balls
Batting: SHB Tex White 0-0: Ball
1-0: Called Strike
1-1: SINGLE (Line Drive, 5)
Ricardo Remedios to second
Batting: SHB Scott Compton 0-0: Ball
1-0: Foul Ball, location: 2F
1-1: Ball
2-1: Fielders Choice at 2nd, 6-4 (Groundball, 6)
Bottom of the 9th over - 1 run(s), 2 hit(s), 0 error(s), 1 left on base; Key West 3 - Santa Fe 3
TOP OF THE 10TH
Key West Barracudas batting - Pitching for Santa Fe Diablos : RHP Jonathan Long
Now at 1B: John Bond
Batting: LHB Motoki Hirata 0-0: Foul Ball, location: 2F
0-1: Ball
1-1: Ball
2-1: Foul Ball, location: 2F
2-2: Foul Ball, location: 2F
2-2: Ball
3-2: SINGLE (Groundball, 4MD)
Batting: RHB Richard Sanders 0-0: Ball
1-0: Bunted foul
1-1: Sac Bunt - play at first, batter OUT! 1-4
Motoki Hirata to second
Batting: RHB Jorge Hernández 0-0: Called Strike
0-1: Swinging Strike
0-2: Foul Ball, location: 2F
0-2: Ball
1-2: Strikes out swinging
Pitching: RHP Manuel Zarate
Batting: SHB Héctor Padilla 0-0: Called Strike
0-1: Swinging Strike
0-2: Fly out, F3 (Popup, 34)
Top of the 10th over - 0 run(s), 1 hit(s), 0 error(s), 1 left on base; Key West 3 - Santa Fe 3
BOTTOM OF THE 10TH
Santa Fe Diablos batting - Pitching for Key West Barracudas : RHP George Bennion
Pinch Hitting: RHB José Alvarado 0-0: Called Strike
0-1: Ball
1-1: Called Strike
1-2: Ball
2-2: Strikes out looking
Batting: LHB David Hernández 0-0: Ball
1-0: Ball
2-0: Foul Ball, location: 2F
2-1: Ball
3-1: Base on Balls
Batting: SHB George Adams 0-0: Fly out, F9 (Flyball, 89S)
Batting: LHB John Bond 0-0: Ball
David Hernández is caught stealing 2nd base
Bottom of the 10th over - 0 run(s), 0 hit(s), 0 error(s), 0 left on base; Key West 3 - Santa Fe 3
TOP OF THE 11TH
Key West Barracudas batting - Pitching for Santa Fe Diablos : RHP Manuel Zarate
Now in CF: Tim Adkins
Batting: LHB Domingo Ledesma 0-0: Called Strike
0-1: Fly out, F3 (Line Drive, 34)
Batting: SHB Jacob Knapp 0-0: Called Strike
0-1: Ball
1-1: Called Strike
1-2: Foul Ball, location: 2F
1-2: Strikes out looking
Batting: LHB Carter Sweet 0-0: Called Strike
0-1: Foul Ball, location: 2F
0-2: Ball
1-2: Ball
2-2: Ball
3-2: Foul Ball, location: 2F
3-2: Fly out, F7 (Flyball, 7D)
Top of the 11th over - 0 run(s), 0 hit(s), 0 error(s), 0 left on base; Key West 3 - Santa Fe 3
BOTTOM OF THE 11TH
Santa Fe Diablos batting - Pitching for Key West Barracudas : RHP George Bennion
Batting: LHB John Bond 0-0: Swinging Strike
0-1: Swinging Strike
0-2: Ball
1-2: Ball
2-2: Foul Ball, location: 2F
2-2: Foul Ball, location: 2F
2-2: Fly out, F5 (Line Drive, 5)
Batting: LHB Michael Barrett 0-0: Fly out, F3 (Line Drive, 34S)
Batting: LHB Juan Torres 0-0: Called Strike
0-1: Ball
1-1: Ball
2-1: Ball
3-1: Called Strike
3-2: Ground out 4-3 (Groundball, 4)
Bottom of the 11th over - 0 run(s), 0 hit(s), 0 error(s), 0 left on base; Key West 3 - Santa Fe 3
TOP OF THE 12TH
Key West Barracudas batting - Pitching for Santa Fe Diablos : RHP Manuel Zarate
Batting: RHB Chris Adams 0-0: Foul Ball, location: 2F
0-1: Called Strike
0-2: Ball
1-2: Foul Ball, location: 2F
1-2: Strikes out swinging
Batting: RHB Dan Craft 0-0: Called Strike
0-1: Ball
1-1: Ball
2-1: Swinging Strike
2-2: Foul Ball, location: 2F
2-2: Fly out, F7 (Flyball, 78M)
Batting: LHB Motoki Hirata 0-0: Ground out U3 (Groundball, 3)
Top of the 12th over - 0 run(s), 0 hit(s), 0 error(s), 0 left on base; Key West 3 - Santa Fe 3
BOTTOM OF THE 12TH
Santa Fe Diablos batting - Pitching for Key West Barracudas : RHP George Bennion
Batting: RHB Ricardo Remedios 0-0: DOUBLE (Line Drive, 5D)
Batting: SHB Tex White 0-0: Ball
1-0: Called Strike
1-1: Swinging Strike
1-2: Foul Ball, location: 2F
1-2: 2-RUN HOME RUN (Flyball, 9D), Distance : 367 ft
Thursday, March 30th, 2017 - OOTP Baseball 17.12 Build 75